 Dungeon Crawl Stone Soup version 0.29-a0-82-g837932c90e (webtiles) character file.

Game seed: 8559952482746355564

2020 Zonian the Chiller (level 9, -2/57 HPs)
             Began as a Human Ice Elementalist on Feb 5, 2022.
             Slain by an orc warrior (18 damage)
             ... on level 6 of the Dungeon.
             The game lasted 00:32:27 (10088 turns).

Zonian the Chiller (Human Ice Elementalist)        Turns: 10088, Time: 00:32:27

Health: -2/57      AC:  5    Str:  8    XL:     9   Next: 47%
Magic:  11/16      EV: 14    Int: 19    God:
Gold:   249        SH:  5    Dex: 15    Spells: 5/18 levels left

rFire   . . .      SeeInvis +   k - +2 whip (freeze)
rCold   . . .      Faith    .   (no shield)
rNeg    . . .      Spirit   .   a - +0 robe
rPois   .          Reflect  +   w - +1 helmet
rElec   .          Harm     .   t - +0 cloak
rCorr   .          Rampage  .   (no gloves)
Will    .....                   (no boots)
Stlth   +++.......              p - amulet of reflection
HPRegen 0.19/turn               f - ring of see invisible
MPRegen 0.15/turn               (no ring)

@: freezing walls
A: no striking features
a: no special abilities


You were on level 6 of the Dungeon.
You visited 1 branch of the dungeon, and saw 6 of its levels.
You also visited: Sewer.

You collected 249 gold pieces.

Inventory:

Hand Weapons
 e - a +0 dagger
 j - a +0 whip
 k - a +2 whip of freezing (weapon)
 l - a +0 mace
 m - a +0 rapier
 n - a +0 halberd
 r - a +0 short sword
 s - a +0 flail of holy wrath
Missiles
 b - 19 poisoned darts
Armour
 a - a +0 robe (worn)
 o - a +0 leather armour
 t - a +0 cloak (worn)
 w - a +1 helmet (worn)
Jewellery
 f - a ring of see invisible (left hand)
 p - an amulet of reflection (around neck)
Scrolls
 d - a scroll of teleportation
 h - 2 scrolls of fear
 u - 2 scrolls of identify
Potions
 c - a potion of invisibility
 g - a potion of might
 i - a potion of cancellation
 q - 2 potions of magic
 v - a potion of lignification


   Skills:
 + Level 0.0 Maces & Flails
 + Level 5.6 Dodging
 + Level 6.1 Stealth
 + Level 5.2 Spellcasting
 + Level 2.8 Conjurations
 - Level 3.5 Translocations
 + Level 6.7 Ice Magic


You had 5 spell levels left.
You knew the following spells:

 Your Spells              Type           Power      Damage    Failure   Level
a - Freeze                Ice            100%       1d11      1%          1
b - Blink                 Tloc           36%        N/A       4%          2
c - Frozen Ramparts       Ice            60%        1d8       2%          3
d - Ozocubu's Armour      Ice            30%        N/A       2%          3
e - Hailstorm             Conj/Ice       23%        3d7       17%         4

Your spell library contained the following spells:

 Spells                   Type           Power      Damage    Failure   Level
 Lesser Beckoning         Tloc           18%        N/A       9%          3
 Manifold Assault         Tloc           18%        N/A       61%         5


Dungeon Overview and Level Annotations

Branches:
Dungeon (6/15)              Sewer (visited)
 Temple: D:4-7

Altars:

Annotations:
D:3 Grinder
D:4 Natasha
D:6 Eustachio


Message History

Confirm with . or Enter, or press ? or * to list all spells.
Casting: Frozen Ramparts (dangerous; 2% risk of failure)
Press: ? - help, Dir - look around, f - activate The walls around you are covered in ice.
The bullfrog zombie resists.
The wall freezes the bullfrog zombie.
The wall freezes the orc warrior!
The orc warrior hits you with a +0 great sword!
You hit the orc warrior but do no damage.
You punch the orc warrior, but do no damage.
The orc warrior is moderately wounded.
The bullfrog zombie completely resists.
The wall freezes the bullfrog zombie but does no damage.
The wall freezes the orc warrior.
The orc warrior closely misses you.
The bullfrog zombie resists.
The wall freezes the bullfrog zombie.
You closely miss the orc warrior.
The orc warrior is heavily wounded.
You feel stable enough to blink again.
The bullfrog zombie completely resists.
The wall freezes the bullfrog zombie but does no damage.
The wall freezes the orc warrior.
The orc warrior hits you with a +0 great sword!
You hit the orc warrior but do no damage.
The orc warrior is severely wounded.
The wall freezes the bullfrog zombie but does no damage.
The wall freezes the orc warrior.
The orc warrior hits you with a +0 great sword!
* * * LOW HITPOINT WARNING * * *
Unknown command.
Casting: Frozen Ramparts (dangerous; 2% risk of failure)
Confirm with . or Enter, or press ? or * to list all spells.
Aiming: Freeze (safe; 1% risk of failure)
Press: ? - help, Shift-Dir - straight line, f - orc warrior
Aim: an orc warrior, wielding a +0 great sword and wearing a +0 chain mail (severely wounded)
You freeze the orc warrior.
The orc warrior is almost dead.
The bullfrog zombie completely resists.
The wall freezes the bullfrog zombie but does no damage.
The wall freezes the orc warrior.
The orc warrior hits you with a +0 great sword!!
You die...

# #. ##.# ## #...###### #..
#....Z# #... ..# ##.##o# #...!
..> #..[@# #... ... ###.#..## #
#.#### # #.#
#...#..##.#####..<.#.# #
#.##..###.................##
#.####.### #...................
#......# ###....#.............#
<......# ##...#..$...............
#####..##.o........$............#
#?..#.####<..###...........##


You could see an orc warrior and a bullfrog zombie.

Vanquished Creatures
  Pikel (D:5)
  5 yaks (D:5)
  Pargi (Sewer)
  An orc warrior (D:6)
  An ogre (D:5)
  2 phantoms (D:4)
  A water moccasin zombie (D:5)
  A centaur zombie (D:6)
  2 hounds (D:4)
  A gnoll shaman (D:3)
  Ijyb (D:3)
  Natasha (D:4)
  A hound skeleton (D:4)
  9 adders
  3 gnolls
  A river rat (D:5)
  A white imp (D:5)
  An ufetubus (D:3)
  2 worms
  2 dart slugs
  4 orcs (D:4)
  11 ball pythons
  11 endoplasms
  3 giant cockroaches
  3 goblins
  6 hobgoblins
  3 quokkas
  6 bats
  5 frilled lizards
  9 kobolds
  10 rats
109 creatures vanquished.

Vanquished Creatures (others)
  64 plants (D:4)
64 creatures vanquished.

Grand Total: 173 creatures vanquished

Notes
Turn   | Place    | Note
-------+----------+-------------------------------------------
     0 | D:1      | Zonian the Human Ice Elementalist began the quest for the
                  | Orb.
     0 | D:1      | Reached XP level 1. HP: 13/13 MP: 3/3
   240 | D:1      | Reached XP level 2. HP: 19/19 MP: 0/5
   910 | D:1      | Reached XP level 3. HP: 22/24 MP: 3/6
  1887 | D:2      | Reached XP level 4. HP: 29/30 MP: 4/7
  2827 | D:2      | Learned a level 2 spell: Blink
  3071 | D:3      | Noticed Grinder
  3499 | D:3      | Reached XP level 5. HP: 20/35 MP: 4/9
  3899 | D:3      | Learned a level 3 spell: Frozen Ramparts
  4494 | D:3      | Noticed Ijyb
  4502 | D:3      | Killed Ijyb
  4503 | D:3      | Reached skill level 1 in Translocations
  4953 | D:4      | Learned a level 3 spell: Ozocubu's Armour
  4980 | D:4      | Noticed a phantom
  4980 | D:4      | You fall into a shaft and drop 2 floors!
  4980 | D:6      | Noticed an orc warrior
  4980 | D:6      | Noticed Eustachio
  4980 | D:6      | Noticed an orc warrior
  4980 | D:6      | Noticed an orc warrior
  4982 | D:6      | Noticed an orc warrior
  4990 | D:5      | Entered Level 5 of the Dungeon
  4990 | D:5      | Noticed a wraith
  5000 | D:5      | Noticed a yak
  5001 | D:5      | Noticed a yak
  5003 | D:5      | Noticed a yak
  5004 | D:5      | Noticed a yak
  5005 | D:5      | Noticed a yak
  5021 | D:5      | Killed a yak
  5022 | D:5      | Reached XP level 6. HP: 20/41 MP: 7/10
  5022 | D:5      | Killed a yak
  5023 | D:5      | Reached skill level 5 in Ice Magic
  5023 | D:5      | Reached XP level 7. HP: 23/46 MP: 7/12
  5033 | D:5      | Killed a yak
  5034 | D:5      | Killed a yak
  5035 | D:5      | Reached XP level 8. HP: 28/52 MP: 8/13
  5035 | D:5      | Killed a yak
  5171 | D:5      | Found a glowing drain.
  5178 | Sewer    | Entered a sewer
  5207 | Sewer    | Noticed Pargi
  5220 | Sewer    | Killed Pargi
  5221 | Sewer    | Reached skill level 5 in Stealth
  6210 | D:4      | Learned a level 4 spell: Hailstorm
  7240 | D:4      | Reached skill level 1 in Conjurations
  7971 | D:4      | Reached skill level 5 in Dodging
  7996 | D:4      | Noticed Natasha
  8520 | D:4      | Killed Natasha
  8557 | D:5      | Noticed Pikel
  8691 | D:5      | Reached XP level 9. HP: 25/57 MP: 14/16
  9485 | D:5      | Killed Pikel
  9486 | D:5      | Reached skill level 5 in Spellcasting
 10062 | D:4      | Noticed Natasha
 10088 | D:6      | Slain by an orc warrior

Illustrated notes

Levels and vault maps discovered:
D:1:      dpeg_arrival_shelter, layout_basic
D:2:      layout_loops_corners, serial_rivers, chequers_serial_rivers_small_a,
          chequers_serial_rivers_room_b, chequers_serial_rivers_micro_d,
          chequers_serial_rivers_micro_e
D:3:      layout_basic, uniq_ijyb, uniq_grinder
D:4:      layout_layer_cave, kennysheep_boxes, uniq_natasha
D:5:      layout_basic, gup_sewer_entry_bubbles, uniq_pikel
D:6:      layout_loops_ring, sword_in_stone, uniq_blork_the_orc

Skill      XL: |  1  2  3  4  5  6  7  8  9 |
---------------+----------------------------+-----
Stealth        | 3 4 5 6 |  6.1
Dodging        | 3 4 5 |  5.6
Translocations | 1 2 3 |  3.5
Spellcasting   | 3 4 5 |  5.2
Ice Magic      | 5 6 |  6.7
Conjurations   | 1 2 |  2.8

Action                   |  1- 3 |  4- 6 |  7- 9 || total
-------------------------+-------+-------+-------++-------
Melee: Unarmed           |    22 |       |       ||    22
       Dagger            |    28 |    43 |    57 ||   128
       Punch             |       |     1 |     4 ||     5
       Short sword       |       |       |    46 ||    46
       Flail             |       |       |    17 ||    17
       Whip              |       |       |    15 ||    15
Throw: Dart              |       |       |     9 ||     9
 Cast: Freeze            |    47 |    45 |    37 ||   129
       Frozen Ramparts   |       |     1 |    10 ||    11
       Blink             |       |     1 |     8 ||     9
       Ozocubu's Armour  |       |       |     2 ||     2
Evoke: Wand              |       |     5 |    27 ||    32
  Use: Scroll            |       |    11 |     5 ||    16
       Potion            |       |     5 |     1 ||     6
 Stab: Sleeping          |     3 |     4 |     2 ||     9
       Invisible         |       |     1 |       ||     1
Armor: Robe              |    17 |    20 |    37 ||    74
       Skin              |       |     7 |       ||     7
Dodge: Dodged            |    40 |    62 |   134 ||   236
Block: Other             |       |       |    37 ||    37
       Reflection        |       |       |     1 ||     1

Table legend: (Time is in decaauts)
 A = Elapsed time spent in this place.
 B = Non-inter-level travel time spent in this place.
 C = Inter-level travel time spent in this place.
 D = Time resting spent in this place.
 E = Time spent auto-exploring this place.
 F = Levels seen in this place.
 G = Mean time per level.
                   A        B        C        D        E       F      G
               +--------+--------+--------+--------+--------+-----+--------+
         Total |  10152 |   9953 |    199 |   4238 |   2723 |   7 | 1450.3 |
       Dungeon |   9780 |   9581 |    199 |   3971 |   2723 |   6 | 1630.0 |
         Sewer |    372 |    372 |      0 |    267 |      0 |   1 |  372.0 |
               +--------+--------+--------+--------+--------+-----+--------+

Top non-repeatable levels by time:
     D:3: 2713 daAuts
     D:4: 2460 daAuts
     D:5: 1647 daAuts
     D:1: 1603 daAuts
     D:2: 1254 daAuts
   Sewer: 372 daAuts
     D:6: 101 daAuts
